 Dungeon Crawl Stone Soup version 0.29-a0-925-g0a7a3d12f8 (webtiles) character file.

Game seed: 13952336893678894890

29 Newt the Trooper (level 3, -2/30 HPs)
             Began as a Barachi Fighter on July 28, 2022.
             Slain by a worm (6 damage)
             ... on level 2 of the Dungeon.
             The game lasted 00:01:54 (916 turns).

Newt the Trooper (Barachi Fighter)                   Turns: 916, Time: 00:01:54

Health: -2/30      AC:  7    Str: 19    XL:     3   Next: 16%
Magic:  3/3        EV:  9    Int:  8    God:
Gold:   50         SH:  4    Dex: 11    Spells: 2/2 levels left

rFire   . . .      SeeInvis .   a - +0 long sword
rCold   . . .      Faith    .   c - +0 buckler
rNeg    . . .      Spirit   .   b - +0 scale mail
rPois   .          Reflect  .   (no helmet)
rElec   .          Harm     .   (no cloak)
rCorr   .          Rampage  .   (no gloves)
Will    .....                   (no boots)
Stlth   ..........              (no amulet)
HPRegen 0.10/turn               (no ring)
MPRegen 0.08/turn               (no ring)

@: slow
A: amphibious, slowness 1, strong legs 1, +LOS
a: Hop


You were on level 2 of the Dungeon.
You visited 1 branch of the dungeon, and saw 2 of its levels.

You collected 72 gold pieces.
You spent 22 gold pieces at shops.

Inventory:

Hand Weapons
 a - a +0 long sword (weapon)
Armour
 b - a +0 scale mail (worn)
 c - a +0 buckler (worn)
Scrolls
 e - 2 scrolls of identify
 f - a scroll of noise {unknown}
Potions
 d - 2 potions of might


   Skills:
 + Level 4.2 Fighting
 + Level 2.6 Long Blades
 + Level 4.1 Armour
 + Level 0.1 Dodging
 + Level 3.6 Shields


You had 2 spell levels left.
You didn't know any spells.
Your spell library contained the following spells:

 Spells                   Type           Power      Damage    Failure   Level
 Sublimation of Blood     Necr           0%         N/A       94%         2
 Wereblood                Tmut           0%         N/A       94%         2
 Summon Hydra             Summ           0%         N/A       100%        7


Dungeon Overview and Level Annotations

Branches:
Dungeon (2/15)

Altars:

Shops:
D:1 ?


Innate Abilities, Weirdness & Mutations

You are amphibious.
You cover ground slowly.
You can hop short distances.
You have an extended range of vision and can be seen from far away.


Message History

The worm is heavily wounded.
The worm bites you.
You hit the worm but do no damage.
The worm is heavily wounded.
The bat hits you but does no damage. The worm bites you.
You hit the worm.
The worm is severely wounded.
You block the bat's attack.
You hit the worm.
The worm is severely wounded.
The bat hits you but does no damage.
The ball python bites you but does no damage.
The ball python closely misses you. The worm bites you but does no damage.
The ball python bites you but does no damage.
You block the ball python's attack.
You hit the worm but do no damage.
The worm is severely wounded.
The bat hits you but does no damage. x2; The bat barely misses you.
The ball python closely misses you. x2; The worm bites you.
You hit the worm but do no damage.
The worm is severely wounded.
You block the bat's attack. The ball python closely misses you.
The ball python misses you. The worm bites you!
* * * LOW HITPOINT WARNING * * *
The ball python barely misses you. The ball python grabs you.
The ball python constricts you.
You barely miss the worm.
The worm is severely wounded.
The bat hits you but does no damage. The ball python bites you.
* * * LOW HITPOINT WARNING * * *
The ball python constricts you. The worm bites you.
* * * LOW HITPOINT WARNING * * *
Unknown command.
Okay, then.
Okay, then.
You escape the ball python's grasp.
Found a fizzy golden potion.
The bat hits you but does no damage. The bat hits you but does no damage.
The bat barely misses you. The worm bites you.
You die...

## .. #. ## #. ##.#####
## ######.####.#.. ..#.#
#......@bS.#.#####.##
#.####..wg........<.####
#.###.#.##(###..... !..
........#.#..###
#..>......##..#.<.#
#.###.#.####.###..# .#
#.... .## ##.### ##
#.#.# . ##..... ..#.# #
#...###


You could see a worm, a hobgoblin, a bat and a ball python.

Vanquished Creatures
  A dart slug (D:1)
  4 ball pythons (D:1)
  2 endoplasms
  A giant cockroach (D:1)
  2 goblins (D:1)
  2 hobgoblins (D:1)
  3 jackals (D:1)
  A kobold (D:1)
  A quokka (D:1)
  3 bats (D:1)
  3 rats (D:1)
23 creatures vanquished.

Notes
Turn   | Place    | Note
-------+----------+-------------------------------------------
     0 | D:1      | Newt the Barachi Fighter began the quest for the Orb.
     0 | D:1      | Reached XP level 1. HP: 18/18 MP: 1/1
    60 | D:1      | Reached XP level 2. HP: 18/25 MP: 2/2
   174 | D:1      | Found Nirpha Kite's Magic Scroll Boutique.
   223 | D:1      | Bought a scroll of identify for 22 gold pieces
   613 | D:1      | Reached XP level 3. HP: 30/30 MP: 3/3
   916 | D:2      | Slain by a worm

Illustrated notes

Levels and vault maps discovered:
D:1:      mrwooster_arrival_statue_2, layout_loops_cross, serial_shops,
          nicolae_shop_stone
D:2:      layout_loops_ring, kennysheep_generic_room_8

Skill      XL: |  1  2 |
---------------+-------+-----
Fighting       | 4 |  4.2
Armour         | 4 |  4.1
Long Blades    | |  2.6
Dodging        | |  0.1
Shields        | |  3.6

Action                   || total
-------------------------++-------
Melee: Long sword        ||    78
Armor: Scale mail        ||    50
Dodge: Dodged            ||    42
Block: Buckler           ||    17

Table legend: (Time is in decaauts)
 A = Elapsed time spent in this place.
 B = Non-inter-level travel time spent in this place.
 C = Inter-level travel time spent in this place.
 D = Time resting spent in this place.
 E = Time spent auto-exploring this place.
 F = Levels seen in this place.
 G = Mean time per level.
                   A        B        C        D        E       F      G
               +--------+--------+--------+--------+--------+-----+--------+
         Total |   1062 |   1037 |     25 |      0 |    810 |   2 |  531.0 |
       Dungeon |   1062 |   1037 |     25 |      0 |    810 |   2 |  531.0 |
               +--------+--------+--------+--------+--------+-----+--------+

Top non-repeatable levels by time:
     D:1: 1004 daAuts
     D:2: 57 daAuts
